[Event "Turkish Second League 2019"]
[Site "Konya"]
[Date "2019.07.28"]
[Round "9"]
[White "Ozdemir, Serhan Berat"]
[Black "Ilkimen, Mehmet Emre"]
[Result "0-1"]
[ECO "D40"]
[WhiteElo "1985"]
[BlackElo "1863"]
[Annotator "NA"]
[PlyCount "72"]
[EventDate "2019.07.22"]
[EventType "team-tourn"]
[EventCountry "TUR"]
[SourceTitle "playchess.com"]
[Source "ChessBase"]
[SourceQuality "1"]
[TimeControl "5400+30"]

1. e4 c6 2. d4 d5 3. exd5 cxd5 4. c4 Nf6 5. Nc3 e6 6. Nf3 Be7 7. Bd3 O-O 8. O-O dxc4 9. Bxc4 Nbd7 10. Bb3 Nb6 11. Ne5 Nbd5 12. Qf3 a6 13. Re1 Qd6 14. Bg5 Nxc3 15. bxc3 Nd5 16. Bd2 b5 17. Bc2 Bb7 18. Qh3 f5 19. Nd3 Rf6 20. Nc5 Bc6 21. Re5 Rg6 22. f3 Nb4 23. Bb3 Qxe5 24. dxe5 Bxc5+ 25. Kf1 Nd5 26. Re1 Rd8 27. Qh4 Rd7 28. g3 f4 29. Qh3 Rf7 30. g4 Ne3+ 31. Bxe3 fxe3 32. Kg2 Rf4 33. Qh5 Rfxg4+ 34. Kh3 Bxf3 35. Bxe6+ Rxe6 36. Rf1 Rg3+ 0-1

[Event "Turkish Second League 2019"]
[Site "Konya"]
[Date "2019.07.28"]
[Round "9"]
[White "Yigit, Ahmet Yasir"]
[Black "Kayan, Veli"]
[Result "0-1"]
[ECO "B15"]
[WhiteElo "1962"]
[BlackElo "1863"]
[Annotator "NA"]
[PlyCount "80"]
[EventDate "2019.07.22"]
[EventType "team-tourn"]
[EventCountry "TUR"]
[SourceTitle "playchess.com"]
[Source "ChessBase"]
[SourceQuality "1"]
[TimeControl "5400+30"]

1. e4 g6 2. d4 Bg7 3. Nc3 c6 4. f4 d5 5. e5 Nh6 6. Nf3 O-O 7. Be2 Qb6 8. O-O Bg4 9. Na4 Qc7 10. Be3 Nd7 11. h3 Bxf3 12. Bxf3 b5 13. Nc3 Nf5 14. Bf2 e6 15. g4 Ne7 16. Kg2 f6 17. Bh4 g5 18. exf6 gxh4 19. fxe7 Rxf4 20. Qe1 Qd6 21. Bxd5 cxd5 22. Rxf4 b4 23. Ne2 Qxe7 24. a3 e5 25. dxe5 Bxe5 26. Qxb4 Bd6 27. Qd2 Re8 28. Qxd5+ Kh8 29. Rf2 Nf6 30. Qg5 Qb7+ 31. Kg1 Ne4 32. Qh5 Re5 33. Rf7 Qb6+ 34. Kg2 Rxh5 35. gxh5 Ng5 36. Rf5 Qe3 37. Rf2 Qxh3+ 38. Kg1 Nf3+ 39. Rxf3 Qxf3 40. Re1 Bc5+ 0-1

[Event "Turkish Second League 2019"]
[Site "Konya"]
[Date "2019.07.28"]
[Round "9"]
[White "Buke, Furkan"]
[Black "Cetinkaya, Umut Can"]
[Result "1-0"]
[ECO "B70"]
[WhiteElo "1959"]
[BlackElo "1639"]
[Annotator "NA"]
[PlyCount "89"]
[EventDate "2019.07.22"]
[EventType "team-tourn"]
[EventCountry "TUR"]
[SourceTitle "playchess.com"]
[Source "ChessBase"]
[SourceQuality "1"]
[TimeControl "5400+30"]

1. e4 c5 2. Nf3 d6 3. d4 cxd4 4. Nxd4 Nf6 5. Nc3 g6 6. g3 h5 7. h3 Bd7 8. Bg2 Qc8 9. Be3 Nc6 10. Nxc6 bxc6 11. f4 Be6 12. Ne2 d5 13. Bd4 Bg7 14. Nc3 dxe4 15. Nxe4 O-O 16. Nc5 Nd5 17. Qd2 Rd8 18. Bxg7 Kxg7 19. O-O-O Bf5 20. Qd4+ Nf6 21. Qe5 Rxd1+ 22. Rxd1 Bxh3 23. Be4 Bf5 24. Bg2 Bh3 25. Be4 Bf5 26. Bh1 Bg4 27. Re1 Qf5 28. Qxf5 Bxf5 29. Rxe7 Nd5 30. Re1 Kf8 31. c4 Ne7 32. Re3 Rc8 33. Rb3 Rd8 34. Bf3 Rd4 35. Rb8+ Kg7 36. b3 Bg4 37. Rb7 Kf6 38. Rxa7 Nf5 39. Nd7+ Ke6 40. Nc5+ Kf6 41. Nd7+ Ke6 42. Ne5 Nxg3 43. Nxc6 Rd6 44. Ne5 Ne2+ 45. Kc2 1-0

[Event "Turkish Second League 2019"]
[Site "Konya"]
[Date "2019.07.28"]
[Round "9"]
[White "Demirag, Batuhan"]
[Black "Zor, Alber Kadir"]
[Result "0-1"]
[ECO "E60"]
[WhiteElo "1939"]
[BlackElo "2160"]
[Annotator "NA"]
[PlyCount "70"]
[EventDate "2019.07.22"]
[EventType "team-tourn"]
[EventCountry "TUR"]
[SourceTitle "playchess.com"]
[Source "ChessBase"]
[SourceQuality "1"]
[TimeControl "5400+30"]

1. Nf3 Nf6 2. c4 g6 3. b3 Bg7 4. Bb2 O-O 5. g3 d6 6. d4 e5 7. dxe5 dxe5 8. Qxd8 Rxd8 9. Bxe5 Nc6 10. Bc3 Ne4 11. Bxg7 Kxg7 12. a3 Na5 13. b4 Nxc4 14. Bg2 c6 15. O-O a5 16. bxa5 Rxa5 17. Rc1 Be6 18. e3 Nc5 19. Nd4 Rxd4 20. exd4 Nb3 21. Nc3 Nxc1 22. Rxc1 Rxa3 23. d5 cxd5 24. Nxd5 Nd6 25. Nf4 Kf6 26. h4 Ra6 27. Rc7 b5 28. Nd3 Ra1+ 29. Kh2 Rd1 30. Nc5 Rd2 31. Kg1 b4 32. Rc6 b3 33. Rb6 b2 34. Be4 Kg7 35. Bf3 Ba2 0-1

[Event "Turkish Second League 2019"]
[Site "Konya"]
[Date "2019.07.28"]
[Round "9"]
[White "Oztekin, Kerem Can"]
[Black "Donmez, Taha Mert"]
[Result "0-1"]
[ECO "B15"]
[WhiteElo "1933"]
[BlackElo "1961"]
[Annotator "NA"]
[PlyCount "158"]
[EventDate "2019.07.22"]
[EventType "team-tourn"]
[EventCountry "TUR"]
[SourceTitle "playchess.com"]
[Source "ChessBase"]
[SourceQuality "1"]
[TimeControl "5400+30"]

1. e4 c6 2. d4 d5 3. Nc3 b5 4. a3 a6 5. h3 dxe4 6. Nxe4 Nf6 7. Nxf6+ exf6 8. Nf3 Bd6 9. Be3 Be6 10. Bd3 Nd7 11. O-O Nb6 12. Nh4 Qd7 13. Qf3 O-O 14. Nf5 Bxf5 15. Bxf5 Qc7 16. Be4 Rac8 17. Bh6 Rfe8 18. Rfe1 Nd5 19. Bxg7 Rxe4 20. Rxe4 Kxg7 21. Qh5 Nf4 22. Qg4+ Ng6 23. h4 h5 24. Qxh5 Rh8 25. Qg4 Rxh4 26. Qf3 Rxe4 27. Qxe4 Qd7 28. Re1 Be7 29. c3 f5 30. Qf3 Qd5 31. Qxd5 cxd5 32. g3 f4 33. Kg2 Kf6 34. Kf3 fxg3 35. fxg3 Kf5 36. Re2 a5 37. b4 a4 38. Re1 Kg5 39. Re2 Kf6 40. Kg4 Kg7 41. Rh2 Bd6 42. Rh5 Ne7 43. Kf3 Bc7 44. g4 Bd6 45. Kf2 Bf4 46. Ke2 f6 47. Kd3 Bg5 48. Rh1 Ng6 49. Kc2 Nf4 50. Re1 Kf7 51. Rh1 Kg7 52. Re1 Kf8 53. Rh1 Kg8 54. Re1 Kf8 55. Rh1 Ke7 56. Rh7+ Kd6 57. Rh8 Kc7 58. Rh7+ Kc6 59. Rh8 Ne6 60. Rh7 Nd8 61. Rh8 Nb7 62. Rc8+ Kd7 63. Ra8 Kc7 64. Ra7 Kb6 65. Ra8 Nd6 66. Kd3 Kb7 67. Rd8 Kc7 68. Ra8 Nc4 69. Ra7+ Kb6 70. Rd7 Kc6 71. Rd8 Nxa3 72. Rc8+ Kb6 73. Rc5 Nc4 74. Kc2 Ne3+ 75. Kb1 Bf4 76. Kb2 Bd6 77. Rc8 Nxg4 78. Re8 Nf2 79. Re6 Ne4 0-1

[Event "Turkish Second League 2019"]
[Site "Konya"]
[Date "2019.07.28"]
[Round "9"]
[White "Aksoy, Ayca"]
[Black "Guclu, Yagmur"]
[Result "1/2-1/2"]
[ECO "D05"]
[WhiteElo "1914"]
[BlackElo "1516"]
[Annotator "NA"]
[PlyCount "156"]
[EventDate "2019.07.22"]
[EventType "team-tourn"]
[EventCountry "TUR"]
[SourceTitle "playchess.com"]
[Source "ChessBase"]
[SourceQuality "1"]
[TimeControl "5400+30"]

1. d4 d5 2. Nf3 Nf6 3. e3 e6 4. Bd3 Be7 5. O-O c5 6. b3 O-O 7. Bb2 Nc6 8. Nbd2 b6 9. Ne5 Bb7 10. Qe2 Nb4 11. a3 Nxd3 12. cxd3 Rc8 13. dxc5 Bxc5 14. b4 Bd6 15. Rfc1 Qe7 16. Nb3 Rxc1+ 17. Rxc1 Nd7 18. d4 Nb8 19. Nd2 h6 20. Nb1 Rc8 21. Nc3 a6 22. Qh5 b5 23. f4 Nd7 24. Nxd7 Qxd7 25. Kf2 Qe7 26. g3 Qd8 27. Qd1 Qb6 28. Nb1 Rxc1 29. Qxc1 a5 30. Bc3 a4 31. Nd2 Qc7 32. Nf3 Bc8 33. Qd2 Qc4 34. h3 Qc7 35. g4 Qe7 36. Qd3 Bd7 37. Be1 Qe8 38. Ke2 Qc8 39. Bd2 Qe8 40. Kd1 Qe7 41. Be1 Qe8 42. Bh4 Qc8 43. Nd2 Qc7 44. Be1 Qc8 45. Bh4 Qe8 46. f5 Qc8 47. fxe6 fxe6 48. Nf3 Qf8 49. Nd2 Bc6 50. Qg6 Qf7 51. Qc2 Qe8 52. Nf3 Bd7 53. Ke2 Qf8 54. g5 h5 55. Qg6 Qe8 56. Qd3 Qf7 57. Be1 Qe7 58. Bd2 Be8 59. Qc2 Qc7 60. Qd3 Qe7 61. h4 Qf7 62. Qc2 Qc7 63. Qd3 Qd7 64. Be1 Qc7 65. Bd2 Qb7 66. Be1 Qc8 67. Bd2 Qb7 68. Be1 Qe7 69. Bd2 Qa7 70. Be1 Qc7 71. Bd2 Qf7 72. Qc2 Qc7 73. Qd3 Qb7 74. Be1 Qc8 75. Bd2 Qd8 76. Be1 Qe7 77. Bd2 Bd7 78. Be1 Qe8 1/2-1/2

[Event "Turkish Second League 2019"]
[Site "Konya"]
[Date "2019.07.28"]
[Round "9"]
[White "Akdag, Omer Amir"]
[Black "Ozenir, Ekin Baris"]
[Result "1/2-1/2"]
[ECO "A47"]
[WhiteElo "1903"]
[BlackElo "2235"]
[Annotator "NA"]
[PlyCount "100"]
[EventDate "2019.07.22"]
[EventType "team-tourn"]
[EventCountry "TUR"]
[SourceTitle "playchess.com"]
[Source "ChessBase"]
[SourceQuality "1"]
[TimeControl "5400+30"]

1. d4 Nf6 2. Nf3 b6 3. e3 Bb7 4. Bd3 g6 5. b3 Bg7 6. Bb2 d6 7. O-O O-O 8. c4 e5 9. dxe5 Nfd7 10. Nc3 dxe5 11. Be4 c6 12. Bc2 Qe7 13. e4 Rd8 14. Qc1 Bf8 15. Qe3 Na6 16. Rfd1 Nc7 17. Ne2 f6 18. Rd2 Ne6 19. Re1 Qe8 20. a3 Rac8 21. Red1 Be7 22. Qh6 Ndf8 23. Rxd8 Bxd8 24. Qe3 Be7 25. Qc3 Qf7 26. Qe1 Re8 27. Nc3 Bc8 28. b4 Nf4 29. Ba4 Qxc4 30. Nd2 Qf7 31. Bxc6 Rd8 32. Qf1 Bg4 33. Nf3 Rc8 34. b5 N8e6 35. Nd5 Bxf3 36. gxf3 Nxd5 37. exd5 Nf4 38. d6 Bf8 39. Bc1 Ne6 40. Qc4 Kg7 41. d7 Rd8 42. Kg2 Nf4+ 43. Qxf4 exf4 44. Bxf4 Be7 45. Bc7 Rf8 46. Bd5 Bd8 47. Bxf7 Kxf7 48. Bd6 Be7 49. Bc7 Bd8 50. Bd6 Be7 1/2-1/2

[Event "Turkish Second League 2019"]
[Site "Konya"]
[Date "2019.07.28"]
[Round "9"]
[White "Demirtas, Hafize"]
[Black "Abdimanoglu, Beste Basak"]
[Result "1/2-1/2"]
[ECO "B09"]
[WhiteElo "1893"]
[BlackElo "1898"]
[Annotator "NA"]
[PlyCount "155"]
[EventDate "2019.07.22"]
[EventType "team-tourn"]
[EventCountry "TUR"]
[SourceTitle "playchess.com"]
[Source "ChessBase"]
[SourceQuality "1"]
[TimeControl "5400+30"]

1. e4 g6 2. d4 Bg7 3. Nc3 d6 4. f4 Nf6 5. Nf3 O-O 6. Bd3 Nc6 7. e5 dxe5 8. dxe5 Nd5 9. O-O Nxc3 10. bxc3 f6 11. Bc4+ Kh8 12. Qe1 Bg4 13. exf6 exf6 14. Ba3 Re8 15. Qh4 Bxf3 16. Rxf3 f5 17. Qh3 Re4 18. Bd3 Bxc3 19. Raf1 Qd4+ 20. Kh1 Re1 21. Bb5 Rxf1+ 22. Rxf1 Re8 23. Bc1 a6 24. Bxc6 bxc6 25. Qf3 Qc5 26. h4 Bf6 27. Qd3 Qb5 28. c4 Qc5 29. Qb3 Qb6 30. Qd3 Qd4 31. Qb3 Qc3 32. Kh2 Qxb3 33. axb3 Bxh4 34. Bb2+ Kg8 35. Be5 Rd8 36. Rf3 Rd7 37. b4 Be7 38. c5 Kf7 39. Ra3 Bf6 40. Bxf6 Kxf6 41. Rxa6 Ke6 42. Rxc6+ Kd5 43. b5 Re7 44. Kg3 Kc4 45. b6 cxb6 46. cxb6+ Kb5 47. Rf6 Rb7 48. Kh4 Kc5 49. Kg5 Kd5 50. g3 Ke4 51. Re6+ Kf3 52. Kh4 Kf2 53. Rc6 Kf3 54. Rd6 Ke4 55. Kg5 Kf3 56. Rd3+ Ke4 57. Rb3 Kd4 58. g4 fxg4 59. Kxg4 Kd5 60. Kg5 Ke6 61. Rb5 Kf7 62. Kh6 Kf6 63. Rb2 Kf5 64. Rb4 Kf6 65. Rb5 Ke6 66. Kg5 Kf7 67. f5 gxf5 68. Kxf5 Ke7 69. Ke5 h5 70. Kd5 Kd7 71. Kc5 Kc8 72. Rb4 Rh7 73. Rh4 Kb7 74. Ra4 Kb8 75. Rh4 Kb7 76. Ra4 Kb8 77. Rh4 Kb7 78. Ra4 1/2-1/2

[Event "Turkish Second League 2019"]
[Site "Konya"]
[Date "2019.07.28"]
[Round "9"]
[White "Camlar, Arda"]
[Black "Celikel, Fatih"]
[Result "1-0"]
[ECO "B06"]
[WhiteElo "1889"]
[BlackElo "1868"]
[Annotator "NA"]
[PlyCount "99"]
[EventDate "2019.07.22"]
[EventType "team-tourn"]
[EventCountry "TUR"]
[SourceTitle "playchess.com"]
[Source "ChessBase"]
[SourceQuality "1"]
[TimeControl "5400+30"]

1. e4 g6 2. d4 Bg7 3. Nc3 c6 4. Bc4 b5 5. Bb3 b4 6. Nce2 d5 7. e5 a5 8. a3 bxa3 9. Rxa3 e6 10. Bd2 c5 11. Nf3 Ne7 12. O-O O-O 13. dxc5 Nd7 14. Ned4 Nxc5 15. Bg5 Bd7 16. c4 Nxb3 17. Nxb3 h6 18. Bxe7 Qxe7 19. Nxa5 Qb4 20. Qa1 dxc4 21. Nxc4 Bc6 22. Ncd2 Rad8 23. Rc1 Bd5 24. Rac3 Qf4 25. Qb1 Bxe5 26. Nxe5 Qxe5 27. Nf1 Rb8 28. Ne3 Be4 29. Qa2 Rb5 30. Qc4 Rxb2 31. Ng4 Qg7 32. Qxe4 h5 33. Ne5 Rb5 34. f4 Rd5 35. Rc8 Kh7 36. h3 Rd2 37. Rxf8 Qxf8 38. Rc7 Kg8 39. Rxf7 Rd1+ 40. Kh2 Qxf7 41. Nxf7 Kxf7 42. g4 hxg4 43. hxg4 Rd5 44. Kg3 Kf6 45. g5+ Kf7 46. Qb4 Rd3+ 47. Kg4 Rd7 48. Qb2 Rd5 49. Qf6+ Kg8 50. Qxe6+ 1-0

[Event "Turkish Second League 2019"]
[Site "Konya"]
[Date "2019.07.28"]
[Round "9"]
[White "Caberoglu, Arda"]
[Black "Yakar, Ozan Tuna"]
[Result "1-0"]
[ECO "B52"]
[WhiteElo "1885"]
[BlackElo "1817"]
[Annotator "NA"]
[PlyCount "90"]
[EventDate "2019.07.22"]
[EventType "team-tourn"]
[EventCountry "TUR"]
[SourceTitle "playchess.com"]
[Source "ChessBase"]
[SourceQuality "1"]
[TimeControl "5400+30"]

1. e4 c5 2. Nf3 d6 3. Bb5+ Bd7 4. Bxd7+ Nxd7 5. O-O Ngf6 6. Qe2 Rc8 7. b3 g6 8. Bb2 Bg7 9. c4 O-O 10. Nc3 Ng4 11. d3 Nge5 12. Kh1 Nxf3 13. Qxf3 Ne5 14. Qe2 Nc6 15. Qd2 Qa5 16. Rfd1 a6 17. Nd5 Qxd2 18. Rxd2 b5 19. cxb5 axb5 20. a4 bxa4 21. bxa4 Ra8 22. Bxg7 Kxg7 23. Rb2 Rfb8 24. Rxb8 Rxb8 25. g3 Ra8 26. Kg2 Ra7 27. Kf3 Nd4+ 28. Kf4 e6 29. Nb6 Kf6 30. Ra2 Ra6 31. Rb2 Nc6 32. Nd7+ Ke7 33. Rb7 Ra7 34. Nxc5+ Rxb7 35. Nxb7 Kd7 36. a5 Kc7 37. a6 f6 38. Ke3 d5 39. exd5 exd5 40. Nc5 Kd6 41. d4 Na7 42. h4 Nb5 43. h5 gxh5 44. Kf4 Ke7 45. Ke3 Kd6 1-0

[Event "Turkish Second League 2019"]
[Site "Konya"]
[Date "2019.07.28"]
[Round "9"]
[White "Catal, Uktenur"]
[Black "Nesanir, Selin"]
[Result "1-0"]
[ECO "A61"]
[WhiteElo "1885"]
[BlackElo "1622"]
[Annotator "NA"]
[PlyCount "82"]
[EventDate "2019.07.22"]
[EventType "team-tourn"]
[EventCountry "TUR"]
[SourceTitle "playchess.com"]
[Source "ChessBase"]
[SourceQuality "1"]
[TimeControl "5400+30"]

1. d4 Nf6 2. c4 c5 3. d5 e6 4. Nc3 exd5 5. cxd5 d6 6. Nf3 g6 7. Bf4 Bg7 8. h3 a6 9. a4 Qc7 10. e3 Nbd7 11. Be2 Rb8 12. O-O O-O 13. Nd2 Ne8 14. Bh2 f5 15. Rc1 Ndf6 16. Re1 Qe7 17. Bf1 Ne4 18. Ncxe4 fxe4 19. Qc2 Nf6 20. Nc4 Ne8 21. a5 Bd7 22. Nd2 Nf6 23. Qb3 h5 24. Qb6 Ne8 25. Rxc5 Be5 26. Bxe5 Qxe5 27. Rc4 Qxd5 28. Nxe4 Qf5 29. f4 d5 30. Ng3 Qf7 31. Rc2 h4 32. Nh1 Bf5 33. Rd2 Nf6 34. Rc1 Rbc8 35. Rxc8 Rxc8 36. Nf2 Ne4 37. Nxe4 Bxe4 38. Bd3 Rc1+ 39. Kh2 g5 40. Qd8+ Qf8 41. Qxg5+ Qg7 1-0

[Event "Turkish Second League 2019"]
[Site "Konya"]
[Date "2019.07.28"]
[Round "9"]
[White "Ozbek, Busra"]
[Black "Aydemir, Sermin Naz"]
[Result "1-0"]
[ECO "A90"]
[WhiteElo "1866"]
[BlackElo "1491"]
[Annotator "NA"]
[PlyCount "73"]
[EventDate "2019.07.22"]
[EventType "team-tourn"]
[EventCountry "TUR"]
[SourceTitle "playchess.com"]
[Source "ChessBase"]
[SourceQuality "1"]
[TimeControl "5400+30"]

1. d4 f5 2. Nf3 e6 3. c4 d5 4. g3 Nf6 5. Bg2 c6 6. O-O Bd6 7. b3 Qe7 8. Bb2 O-O 9. Ne5 Nbd7 10. Nd2 Ne4 11. Qc2 Ndf6 12. Ndf3 g5 13. Ne1 Nh5 14. N1d3 Ng7 15. f3 Nf6 16. Bc1 Nd7 17. a4 a5 18. Qd2 f4 19. g4 Nxe5 20. dxe5 Bc7 21. Ba3 Bb6+ 22. Kh1 c5 23. e3 Bd7 24. exf4 gxf4 25. cxd5 exd5 26. Nxf4 Qg5 27. Qxd5+ Kh8 28. Qxd7 Qxf4 29. Rae1 Rf7 30. Qd6 Bc7 31. Qxc5 Ne6 32. Qe3 Re8 33. Qxf4 Nxf4 34. Re4 Rxe5 35. Bb2 Nxg2 36. Kxg2 Rfe7 37. Rfe1 1-0

[Event "Turkish Second League 2019"]
[Site "Konya"]
[Date "2019.07.28"]
[Round "9"]
[White "Boz, Fatih Emre"]
[Black "Alaoglu, Niyazi Bekirhan"]
[Result "1-0"]
[ECO "B00"]
[WhiteElo "1854"]
[BlackElo "1769"]
[Annotator "NA"]
[PlyCount "141"]
[EventDate "2019.07.22"]
[EventType "team-tourn"]
[EventCountry "TUR"]
[SourceTitle "playchess.com"]
[Source "ChessBase"]
[SourceQuality "1"]
[TimeControl "5400+30"]

1. e4 b6 2. Nc3 Bb7 3. Nf3 e6 4. Bd3 d5 5. O-O Nf6 6. exd5 exd5 7. Re1+ Be7 8. Qe2 c5 9. Bb5+ Kf8 10. Bd3 Bc8 11. b3 Bg4 12. h3 Bxf3 13. Qxf3 Nc6 14. Bb2 Nd4 15. Qd1 Qd7 16. Ne2 Nf5 17. Bxf5 Qxf5 18. Ng3 Qf4 19. d4 h5 20. Qc1 Qxc1 21. Raxc1 g6 22. c4 h4 23. Ne2 dxc4 24. Rxc4 Rh5 25. dxc5 Rxc5 26. Rxc5 bxc5 27. Rd1 a5 28. Nc3 Rb8 29. Ba3 Rc8 30. Ne2 Rc7 31. Kf1 Ke8 32. Rc1 Kd7 33. Rc4 Nd5 34. Ra4 Ra7 35. Ke1 f5 36. Rc4 Nb6 37. Bxc5 Bxc5 38. Rxc5 a4 39. Rb5 axb3 40. axb3 Nc8 41. Rd5+ Ke6 42. Nf4+ Kf7 43. b4 Ra1+ 44. Ke2 Ne7 45. Rd6 Ra2+ 46. Rd2 Ra3 47. Rb2 g5 48. Nd3 Nd5 49. Kd2 Nc3 50. f3 Nb5 51. Rc2 Ke6 52. Rc6+ Nd6 53. Rc2 Nb5 54. Rc6+ Nd6 55. Nb2 Ra2 56. Kc3 Kd7 57. Rc5 g4 58. Kb3 gxh3 59. gxh3 Ra1 60. f4 Rf1 61. Rd5 Rf3+ 62. Rd3 Rxf4 63. Nc4 Rxc4 64. Rxd6+ Kxd6 65. Kxc4 Ke5 66. b5 f4 67. b6 Ke4 68. b7 f3 69. b8=Q f2 70. Qb1+ Kf3 71. Qf1 1-0

[Event "Turkish Second League 2019"]
[Site "Konya"]
[Date "2019.07.28"]
[Round "9"]
[White "Erdogan, Yunus Emre"]
[Black "Kara, Yanki"]
[Result "1-0"]
[ECO "B06"]
[WhiteElo "1833"]
[BlackElo "2193"]
[Annotator "NA"]
[PlyCount "36"]
[EventDate "2019.07.22"]
[EventType "team-tourn"]
[EventCountry "TUR"]
[SourceTitle "playchess.com"]
[Source "ChessBase"]
[SourceQuality "1"]
[TimeControl "5400+30"]

1. e4 g6 2. d4 Bg7 3. Nc3 d6 4. f4 a6 5. Nf3 b5 6. Bd3 Nd7 7. e5 c5 8. Be4 Rb8 9. O-O Nh6 10. exd6 exd6 11. f5 Ng4 12. dxc5 b4 13. Nd5 Nxc5 14. Ng5 Nxe4 15. Qxg4 Bxf5 16. Rxf5 Nf6 17. Bf4 h6 18. Ne6 fxe6 1-0

[Event "Turkish Second League 2019"]
[Site "Konya"]
[Date "2019.07.28"]
[Round "9"]
[White "Ozcan, Kadir Kutay"]
[Black "Bicer, Atakan Mert"]
[Result "0-1"]
[ECO "B81"]
[WhiteElo "1832"]
[BlackElo "1870"]
[Annotator "NA"]
[PlyCount "82"]
[EventDate "2019.07.22"]
[EventType "team-tourn"]
[EventCountry "TUR"]
[SourceTitle "playchess.com"]
[Source "ChessBase"]
[SourceQuality "1"]
[TimeControl "5400+30"]

1. e4 c5 2. Nf3 d6 3. d4 cxd4 4. Nxd4 Nf6 5. Nc3 a6 6. h3 b5 7. g4 Bb7 8. Bg2 e6 9. g5 Nfd7 10. a4 b4 11. Nce2 Be7 12. h4 Nc5 13. Ng3 Qc7 14. O-O Nbd7 15. Bd2 a5 16. Nb5 Qb6 17. c3 O-O 18. cxb4 axb4 19. Bxb4 Ba6 20. Bc3 Nxa4 21. Qxa4 Bxb5 22. Qxa8 Bxf1 23. Qa7 Bb5 24. Qxb6 Nxb6 25. Ra7 Bd8 26. Bb4 Nc8 27. Ra1 Re8 28. Rd1 Bc7 29. Bf1 Bxf1 30. Nxf1 f6 31. Ne3 Kf7 32. Rc1 Bb6 33. Nc4 Bd4 34. Bxd6 Bxb2 35. Rb1 Rd8 36. Bc5 Bd4 37. Ba3 Rd7 38. Rb8 Ne7 39. Kg2 Ng6 40. Kg3 Be5+ 41. Kg4 Bxb8 0-1

[Event "Turkish Second League 2019"]
[Site "Konya"]
[Date "2019.07.28"]
[Round "9"]
[White "Ucucu, Salih"]
[Black "Civi, Akin"]
[Result "0-1"]
[ECO "C42"]
[WhiteElo "1819"]
[BlackElo "1724"]
[Annotator "NA"]
[PlyCount "52"]
[EventDate "2019.07.22"]
[EventType "team-tourn"]
[EventCountry "TUR"]
[SourceTitle "playchess.com"]
[Source "ChessBase"]
[SourceQuality "1"]
[TimeControl "5400+30"]

1. e4 e5 2. Nf3 Nf6 3. Nxe5 d6 4. Nf3 Nxe4 5. Nc3 Nxc3 6. dxc3 Be7 7. Be3 Nd7 8. Qd2 O-O 9. Bd3 c6 10. Nd4 Ne5 11. Nf5 Bxf5 12. Bxf5 Nc4 13. Bxh7+ Kh8 14. Qd3 Nxe3 15. fxe3 g6 16. Bxg6 fxg6 17. Qxg6 Rf6 18. Qh5+ Kg7 19. O-O-O Qd7 20. Rd4 Rg6 21. Rf1 Qe6 22. Rf3 Rh8 23. Qa5 Rxg2 24. b3 Rhxh2 25. Qc7 Rxc2+ 26. Kd1 Rcg2 0-1

[Event "Turkish Second League 2019"]
[Site "Konya"]
[Date "2019.07.28"]
[Round "9"]
[White "Turkmen, Yusuf Cagan"]
[Black "Can, Furkan"]
[Result "1-0"]
[ECO "D02"]
[WhiteElo "1796"]
[BlackElo "1900"]
[Annotator "NA"]
[PlyCount "57"]
[EventDate "2019.07.22"]
[EventType "team-tourn"]
[EventCountry "TUR"]
[SourceTitle "playchess.com"]
[Source "ChessBase"]
[SourceQuality "1"]
[TimeControl "5400+30"]

1. d4 d5 2. Bf4 Nf6 3. e3 e6 4. Nd2 Bd6 5. Bg3 O-O 6. Bd3 c5 7. c3 Nc6 8. Ngf3 b6 9. Ne5 Bb7 10. f4 Ne7 11. Qb1 g6 12. h3 Nf5 13. Bf2 Be7 14. g4 Nd6 15. Ke2 Nfe4 16. h4 f6 17. Nef3 Nxd2 18. Nxd2 f5 19. h5 Ne4 20. hxg6 hxg6 21. Qg1 Kg7 22. Nf3 Rh8 23. Qg2 Qd6 24. Ne5 Rag8 25. Rag1 Rxh1 26. Rxh1 Bf6 27. gxf5 exf5 28. Qxg6+ Kf8 29. Qf7# 1-0

[Event "Turkish Second League 2019"]
[Site "Konya"]
[Date "2019.07.28"]
[Round "9"]
[White "Uyan, Ata Gunduz"]
[Black "Ozsakallioglu, Akin"]
[Result "1-0"]
[ECO "A48"]
[WhiteElo "1781"]
[BlackElo "1901"]
[Annotator "NA"]
[PlyCount "116"]
[EventDate "2019.07.22"]
[EventType "team-tourn"]
[EventCountry "TUR"]
[SourceTitle "playchess.com"]
[Source "ChessBase"]
[SourceQuality "1"]
[TimeControl "5400+30"]

1. d4 Nf6 2. c3 g6 3. Nf3 Bg7 4. Bg5 d6 5. Nbd2 O-O 6. e4 c5 7. dxc5 dxc5 8. Be2 h6 9. Be3 Qc7 10. h3 b6 11. Qc2 Nc6 12. O-O Nh5 13. Nh2 Nf4 14. Bxf4 Qxf4 15. Rfe1 Bb7 16. Bf1 Rad8 17. Rad1 Rd7 18. g3 Qc7 19. Bg2 Ba6 20. Bf1 Bxf1 21. Ndxf1 Rfd8 22. Ne3 e6 23. Nf3 h5 24. Rxd7 Rxd7 25. Rd1 Bh6 26. Nc4 Bg7 27. Rxd7 Qxd7 28. Qd2 Qxd2 29. Ncxd2 Kf8 30. Kf1 Ke7 31. Ke2 b5 32. Nf1 a5 33. Ne3 a4 34. g4 hxg4 35. hxg4 a3 36. bxa3 Bxc3 37. Kd3 Bb2 38. Nc2 Kd6 39. Ke3 Bc1+ 40. Kd3 Na5 41. Kc3 Bh6 42. Kd3 Nc4 43. Kc3 Bg7+ 44. Kd3 Nb2+ 45. Kd2 Na4 46. Kd3 Bb2 47. Ng5 Ke7 48. Nf3 Kd6 49. Ng5 f6 50. Nf3 Nc3 51. Nd2 c4+ 52. Ke3 Bc1 53. Nd4 Nb1 54. Nxb5+ Kc5 55. Nc7 c3 56. Nxe6+ Kd6 57. Nd4 cxd2 58. Nb5+ Kc5 1-0

[Event "Turkish Second League 2019"]
[Site "Konya"]
[Date "2019.07.28"]
[Round "9"]
[White "Kaygisiz, Ilayda"]
[Black "Sade, Defne"]
[Result "1-0"]
[ECO "C44"]
[WhiteElo "1775"]
[BlackElo "1897"]
[Annotator "NA"]
[PlyCount "63"]
[EventDate "2019.07.22"]
[EventType "team-tourn"]
[EventCountry "TUR"]
[SourceTitle "playchess.com"]
[Source "ChessBase"]
[SourceQuality "1"]
[TimeControl "5400+30"]

1. e4 e5 2. Nf3 Nc6 3. d4 exd4 4. Bc4 Bc5 5. O-O d6 6. c3 dxc3 7. Qb3 Qf6 8. Bg5 Qg6 9. Nxc3 Nge7 10. Nd5 Nxd5 11. exd5 Ne5 12. Nxe5 Qxg5 13. Bb5+ Kf8 14. Nf3 Qf6 15. Rae1 Bf5 16. Ba4 Bb6 17. Nd2 h6 18. Nc4 Kg8 19. Re2 Kh7 20. Rfe1 Qd4 21. Nxb6 axb6 22. Bb5 Ra5 23. Re7 Qc5 24. a4 Bg6 25. Qf3 Rf8 26. h4 c6 27. h5 Bc2 28. dxc6 bxc6 29. Bxc6 d5 30. Rxf7 Rxf7 31. Qxf7 Qxc6 32. Re7 1-0

[Event "Turkish Second League 2019"]
[Site "Konya"]
[Date "2019.07.28"]
[Round "9"]
[White "Zuberoglu, Ibrahim Berk"]
[Black "Sahutoglu, Mehmet Ibrahim"]
[Result "0-1"]
[ECO "A09"]
[WhiteElo "1737"]
[BlackElo "1898"]
[Annotator "NA"]
[PlyCount "124"]
[EventDate "2019.07.22"]
[EventType "team-tourn"]
[EventCountry "TUR"]
[SourceTitle "playchess.com"]
[Source "ChessBase"]
[SourceQuality "1"]
[TimeControl "5400+30"]

1. Nf3 d5 2. c4 d4 3. g3 g6 4. Bg2 Bg7 5. O-O e5 6. d3 Ne7 7. e3 Nbc6 8. exd4 Nxd4 9. Nxd4 Qxd4 10. Nc3 c6 11. Be3 Qd6 12. Ne4 Qc7 13. Bc5 O-O 14. Bd6 Qd7 15. Qb3 Rd8 16. f4 exf4 17. Rxf4 Nf5 18. c5 Nd4 19. Qd1 f5 20. Ng5 h6 21. Nf3 Nb5 22. Qb3+ Qe6 23. Qxe6+ Bxe6 24. Be5 Rxd3 25. a4 g5 26. Rb4 Bxe5 27. Nxe5 Rd4 28. Nxc6 bxc6 29. Rxb5 cxb5 30. Bxa8 bxa4 31. Rc1 Kf7 32. c6 Rd8 33. Bb7 Bc8 34. Rc5 Bxb7 35. cxb7 Rd1+ 36. Kf2 Rd2+ 37. Ke3 Rxb2 38. Rxf5+ Ke6 39. Ra5 Rxb7 40. Rxa4 Kd5 41. Kd3 Kc5 42. Kc3 Rf7 43. Ra6 Rh7 44. Ra5+ Kb6 45. Kb4 a6 46. Re5 Rc7 47. Rf5 Rc6 48. Re5 Rd6 49. Rf5 Re6 50. Kc4 Re4+ 51. Kd3 Re6 52. Kc4 a5 53. Rb5+ Ka6 54. Rb8 Rc6+ 55. Kd5 Rb6 56. Rc8 Kb5 57. Rc1 a4 58. Rb1+ Ka5 59. Ra1 Rb2 60. Ke4 Rxh2 61. Kf5 Kb4 62. Kg6 a3 0-1